 Dungeon Crawl Stone Soup version 0.28.0 (webtiles) character file.

Game seed: 7869039746544801914

10 Akaron the Sneak (level 2, 0/17 HPs)
             Began as an Octopode Enchanter on Feb 13, 2022.
             Slain by a jackal (1 damage)
             ... on level 1 of the Dungeon.
             The game lasted 00:01:01 (722 turns).

Akaron the Sneak (Octopode Enchanter)                Turns: 722, Time: 00:01:02

Health: 0/17       AC:  1    Str:  7    XL:     2   Next: 20%
Magic:  4/5        EV: 13    Int: 17    God:
Gold:   27         SH:  0    Dex: 12    Spells: 3/5 levels left

rFire   . . .      SeeInvis .   a - +1 dagger
rCold   . . .      Faith    .   (no shield)
rNeg    . . .      Spirit   .   (helmet restricted)
rPois   .          Reflect  .   (no amulet)
rElec   .          Harm     .   (no ring)
rCorr   .          Rampage  .   (no ring)
Will    .....                   (no ring)
Stlth   ++++......              (no ring)
HPRegen 0.05/turn               (no ring)
MPRegen 0.09/turn               (no ring)
                                (no ring)
                                (no ring)

@: no status effects
A: almost no armour, amphibious, 8 rings, camouflage 1, gelatinous body 1,
(nimble swimmer 1), tentacles
a: no special abilities


You were on level 1 of the Dungeon.
You visited 1 branch of the dungeon, and saw 1 of its levels.

You collected 27 gold pieces.

Inventory:

Hand Weapons
 a - a +1 dagger (weapon)
Scrolls
 c - a scroll of immolation {unknown}
Potions
 b - a potion of invisibility


   Skills:
 + Level 1.0 Short Blades
 + Level 2.2 Dodging
 + Level 4.3 Stealth
 + Level 2.0 Spellcasting
 + Level 3.2 Hexes


You had 3 spell levels left.
You knew the following spells:

 Your Spells              Type           Power      Damage    Failure   Level
a - Ensorcelled Hibernat  Hex/Ice        14%        N/A       16%         2

Your spell library contained the following spells:

 Spells                   Type           Power      Damage    Failure   Level
 Confusing Touch          Hex            12%        N/A       16%         3
 Tukima's Dance           Hex            12%        N/A       16%         3
 Pain                     Necr           4%         1d4       19%         1
 Dazzling Flash           Conj/Hex       14%        N/A       30%         3
 Portal Projectile        Hex/Tloc       14%        N/A       30%         3
 Call Canine Familiar     Summ           1%         N/A       50%         3
 Leda's Liquefaction      Hex/Erth       3%         N/A       69%         4
 Agony                    Necr           1%         N/A       99%         5
 Excruciating Wounds      Necr           0%         N/A       99%         5


Dungeon Overview and Level Annotations

Branches:
Dungeon (1/15)

Altars:


Innate Abilities, Weirdness & Mutations

You cannot wear most types of armour.
You are amphibious.
You can wear up to eight rings at the same time.
Your skin changes colour to match your surroundings (Stealth+).
Your rubbery body absorbs attacks. (AC +1, EV +1)
((You are camouflaged when in or above water. (Stealth+)))
You have tentacles for arms and can constrict up to eight enemies at once.


Message History

The kobold resists with significant effort.
A jackal comes into view.
The kobold hits you with a +0 club.
You barely miss the kobold.
The jackal barks!
Your grab misses the kobold. The kobold hits you with a +0 club.
You hit the jackal. You grab the jackal. You squeeze the jackal.
You kill the jackal!
The kobold barely misses you.
The jackal barks!
You hit the kobold.
You kill the kobold!
The jackal bites you.
You hit the jackal but do no damage. Your grab misses the jackal.
Your squeeze misses the jackal. The jackal bites you.
You are too injured to fight recklessly!
You are too injured to fight recklessly!
You closely miss the jackal. You grab the jackal. You constrict the jackal.
The jackal bites you.
* * * LOW HITPOINT WARNING * * *
The jackal closely misses you.
You hit the jackal but do no damage.
The jackal is moderately wounded.
You constrict the jackal, but do no damage.
The jackal bites you.
* * * LOW HITPOINT WARNING * * *
The jackal barely misses you.
You hit the jackal.
The jackal is severely wounded.
You constrict the jackal. The jackal barely misses you. The jackal misses you.
The jackal bites you.
* * * LOW HITPOINT WARNING * * *
You release your grip on the jackal.
The jackal pauses to sniff the ground.
The jackal closely misses you. The jackal closely misses you.
The jackal misses you. The jackal completely misses you. The jackal bites you.
* * * LOW HITPOINT WARNING * * *
The jackal bites you.
You die...

.....###....##.#.#..#..#..#.
#...........##.##8#...#8#...
#####..##.....##.#.#..#..#..#.
#...# ..#.....##.....#8#...#8#
##+##..# #............#..#..#..#.
#..##..# ##.#........#8#...#8#...
+..#...## #...........#..#..#..#.
#..#....####...hhh......#8#...#8#
##'##.#...###...@......#.#..#..#.
.#..#....####..........##..#8#..#
.'...#.....###..............#....
.#...#.[...###...#.........######
.#.....#...#.#...#..##.....##....
##+#...##...##...#..##...........
#..#..###....#...#..##...........
'.....#..#.#.'...#..# ... .......
#..##..#....##......# #'##....


You could see 3 jackals.

Vanquished Creatures
  An endoplasm (D:1)
  3 jackals (D:1)
  2 kobolds (D:1)
  A ball python (D:1)
  2 bats (D:1)
  A frilled lizard (D:1)
10 creatures vanquished.

Notes
Turn   | Place    | Note
-------+----------+-------------------------------------------
     0 | D:1      | Akaron the Octopode Enchanter began the quest for the Orb.
     0 | D:1      | Reached XP level 1. HP: 11/11 MP: 3/3
   670 | D:1      | Reached XP level 2. HP: 17/17 MP: 5/5
   673 | D:1      | Learned a level 2 spell: Ensorcelled Hibernation
   722 | D:1      | Slain by a jackal

Illustrated notes

Levels and vault maps discovered:
D:1:      arrival_zaba_pyramid, layout_basic,
          hellmonk_ecumenical_altar_lost_god, chequers_arboretum,
          wad_floor_pattern_untrapped, kennysheep_doodads, minmay_pentomino_w2

Action                   || total
-------------------------++-------
Melee: Dagger            ||    30
       Constrict         ||     8
       Tentacles         ||     4
 Cast: Ensorcelled Hiber ||     1
 Stab: Sleeping          ||     2
Armor: Skin              ||     5
Dodge: Dodged            ||    30
